 Dungeon Crawl Stone Soup version bcrawl-1.39.1 (webtiles) character file.

Game seed: 17270549787808712174

242501 Grijm the Slicer (level 9, -8/121 HPs)
             Began as a Black Draconian Reaver on Oct 5, 2023.
             Was an Elder of Vehumet.
             Mangled by a crocodile (10 damage)
             ... on level 7 of the Dungeon.
             The game lasted 00:33:32 (8482 turns).

Grijm the Slicer (Black Draconian Reaver)           Turns: 8482, Time: 00:33:32

Health: -8/121     AC:  9    Str: 20    XL:     9   Next: 69%
Magic:  12/12      EV: 12    Int: 22    God:    Vehumet [****..]
Gold:   946        SH:  0    Dex:  9    Spells: 4/12 levels left

rFire    x . .     GDR:     21% a - +2 short sword (elec)
rCold    + . .     SeeInvis .   (no shield)
rNeg     + . .     Gourm    .   (armour unavailable)
rPois    .         Faith    .   (helmet restricted)
rElec    +         Spirit   .   I - +0 cloak
rCorr    .         Reflect  .   C - +0 pair of gloves
MR       +....                  (no boots)
Stlth    ..........             (no amulet)
HPRegen  0.30/turn              q - ring of protection from magic
MPRegen  0.13/turn              u - ring of Happiness {Ice rN+}

@: brilliant, berserking, lethally poisoned (-8 -> -17), swift, short of breath,
flying, lightly drained, very quick
A: breathe lightning, unfitting armour, electricity resistance, cold-blooded, AC
+7
a: Breathe Lightning, Renounce Religion


You were on level 7 of the Dungeon.
You worshipped Vehumet.
Vehumet was greatly pleased with you.
You were hungry.

You visited 3 branches of the dungeon, and saw 9 of its levels.
You also visited: Ossuary.

You collected 1000 gold pieces.
You spent 54 gold pieces at shops.

Inventory:

Hand Weapons
 a - a +2 short sword of electrocution (weapon)
 s - a +0 blowgun
Missiles
 d - 49 curare-tipped needles
 f - 183 poisoned tomahawks (quivered)
 k - 83 javelins
 r - 48 needles of confusion
 v - 186 poisoned needles
Armour
 C - a +0 pair of gloves (worn)
 F - a +0 medium shield
 I - a +0 cloak (worn)
 L - a +0 buckler
Jewellery
 m - an uncursed ring of see invisible
 q - a ring of protection from magic (left hand)
 u - the ring of Happiness (right hand) {Ice rN+}
   (You found it on level 2 of the Dungeon)

   [ring of ice]

   It enhances your ice magic.
   It makes you vulnerable to fire.
   It protects you from cold.
   It protects you from negative energy.
Wands
 K - a wand of flame (27)
Scrolls
 c - 3 scrolls of immolation
 h - 2 scrolls of blinking
 i - 4 scrolls of identify
 j - 4 scrolls of teleportation
 l - a scroll of fog
 n - 3 scrolls of remove curse
 o - 2 scrolls of amnesia {unknown}
 t - 2 scrolls of enchant armour
 x - a scroll of noise
 y - 4 scrolls of revelation {unknown}
 H - a scroll of torment {unknown}
 J - a scroll of fear {unknown}
Potions
 b - a potion of haste
 g - a potion of might
 p - a potion of degeneration {unknown}
 w - a potion of mutation
 z - a potion of brilliance
 B - 2 potions of cancellation
 D - 2 potions of resistance
 G - a potion of flight
Comestibles
 e - 7 rations {!d}


   Skills:
 + Level 8.1(7.7) Fighting
 - Level 9.3(9.5) Short Blades
   Level 5.5(7.7) Long Blades
 - Level 2.0(1.6) Throwing
 - Level 3.0(2.6) Dodging
 - Level 2.0(1.6) Spellcasting
 - Level 2.0(1.6) Conjurations
 - Level 4.0(3.6) Air Magic
 + Level 4.7(4.3) Evocations


You had 4 spell levels left.
You knew the following spells:

 Your Spells              Type           Power        Failure   Level  Hunger
a - Flame Tongue          Conj/Fire      ###..        1%          1    None
b - Shock                 Conj/Air       ####...      1%          2    ###....
c - Iskenderun's Battles  Conj/Chrm      ###.....     8%          5    #######

Your spell library contained the following spells:

 Spells                   Type           Power        Failure   Level  Hunger
 Stone Arrow              Conj/Erth      ###...       1%          3    #####..


Dungeon Overview and Level Annotations

Branches:
Dungeon (7/12)             Temple (1/1) D:6            Lair (1/6) D:7

Altars:
Ashenzari
Cheibriados
Dithmenos
Fedhas
Makhleb
Nemelex Xobeh
Okawaru
Ru
Sif Muna
Uskayaw
Vehumet
Wu Jian
Xom
The Shining One

Shops:
D:6 *

Annotations:
Lair:1 Sonja


Innate Abilities, Weirdness & Mutations

You can breathe wild blasts of lightning.
Your glossy black scales are hard. (AC +7)
You cannot fit into any form of body armour.
You are resistant to electric shocks. (rElec)
You are cold-blooded and may be slowed by cold attacks.


Message History

It was a potion of flight.
You feel very buoyant.
You fly up into the air.
* * * LOW HITPOINT WARNING * * *
You feel sick.
The crocodile bites you but does no damage.
* * * LOW HITPOINT WARNING * * *
You feel sick.
It was a potion of brilliance.
You feel clever all of a sudden.
* * * LOW HITPOINT WARNING * * *
You feel sick. The crocodile misses you.
It was a potion of berserk rage.
A red film seems to cover your vision as you go berserk!
You feel yourself moving faster!
You feel mighty!
* * * LOW HITPOINT WARNING * * *
You feel sick.
The sky beast flickers out of sight!
Deactivating autopickup; reactivate with Ctrl-A.
The crocodile bites you!
You die...

.#
################T#####'
##
#......................
#.#...P......... .....
##?..P........... .....
##.P.P............
......
#.P..P............
......
#.........P..P....
.....
.P..♣.♣.P.........
##..#.
....P..t@....♣♣...
#.##..
P.....P>P♣.....##.
#$.... ..P.P.P..W...♣..
#.... .......P.....♣..
##... #♣......{...P..
##.Z #..♣P....{....###
#....##
##..............####..
# ##....P......<.......
##..................


You could see a crocodile and a shadow.

Vanquished Creatures
  2 hippogriffs
  A wraith (Ossuary)
  A hungry ghost (D:7)
  3 crocodiles
  A porcupine (D:7)
  A water moccasin (D:6)
  An orc warrior (D:7)
  An ice beast (D:7)
  A sky beast (D:3)
  2 black bears (D:7)
  2 ogres (D:4)
  2 bullfrogs (D:6)
  A kobold brigand (D:7)
  2 orc priests
  5 crimson imps
  A bullfrog zombie (D:7)
  2 quasits
  2 hounds
  A jelly (D:5)
  A bullfrog skeleton (D:4)
  2 iguanas
  10 orc wizards
  6 worker ants
  A killer bee zombie (D:6)
  A hound skeleton (D:4)
  2 mummies
  4 gnolls (D:6)
  11 adders
  A howler monkey skeleton (D:4)
  An ooze (D:1)
  3 worms
  3 dart slugs
  15 leopard geckos
  26 orcs
  3 ball pythons
  5 bats
  2 giant cockroaches
  8 hobgoblins
  11 jackals
  11 kobolds
  3 quokkas
  2 training dummies (D:5)
  12 frilled lizards
  6 gnoll skeletons (Ossuary)
  A goblin (D:1)
  A jackal zombie (D:7)
  8 kobold skeletons (Ossuary)
  11 orc skeletons (Ossuary)
  2 rats (D:3)
205 creatures vanquished.

Vanquished Creatures (others)
  2 fungi
  11 plants
13 creatures vanquished.

Grand Total: 218 creatures vanquished

Notes
Turn   | Place    | Note
-------+----------+-------------------------------------------
     0 | D:1      | Grijm the Draconian Reaver began the quest for the Orb.
     0 | D:1      | Reached XP level 1. HP: 19/19 MP: 3/3
   187 | D:1      | Reached XP level 2. HP: 26/26 MP: 5/5
   622 | D:1      | Reached XP level 3. HP: 33/33 MP: 6/6
   803 | D:1      | Reached * piety under Vehumet
   803 | D:1      | Offered knowledge of Flame Tongue by Vehumet.
   973 | D:1      | Learned a level 1 spell: Flame Tongue
  1102 | D:2      | Got a pitted glass ring
  1781 | D:3      | Reached skill level 1 in Throwing
  1781 | D:3      | Reached XP level 4. HP: 29/40 MP: 2/7
  1940 | D:3      | Reached skill level 1 in Conjurations
  2147 | D:2      | Found a sparkling altar of Nemelex Xobeh.
  2147 | D:2      | Found a sacrificial altar of Ru.
  2254 | D:2      | Reached XP level 5. HP: 46/46 MP: 8/8
  2611 | D:3      | Reached skill level 5 in Long Blades
  2641 | D:3      | Offered knowledge of Shock by Vehumet.
  2656 | D:3      | Learned a level 5 spell: Iskenderun's Battlesphere
  2670 | D:3      | Learned a level 2 spell: Shock
  2689 | D:3      | Reached ** piety under Vehumet
  2694 | D:3      | Reached XP level 6. HP: 52/52 MP: 0/9
  3455 | D:3      | Identified the ring of Happiness {Ice rN+} (You found it on
                  | level 2 of the Dungeon)
  3492 | D:4      | Noticed a sky beast
  3506 | D:3      | Killed a sky beast
  3507 | D:3      | Reached skill level 2 in Short Blades
  3600 | D:4      | Reached skill level 3 in Short Blades
  3652 | D:4      | Your scales start taking on a glossy black colour.
  3652 | D:4      | Reached XP level 7. HP: 57/60 MP: 10/10
  3652 | D:4      | Gained mutation: You are resistant to electric shocks.
                  | (rElec) [Black Draconian growth]
  3731 | D:4      | Offered knowledge of Iskenderun's Mystic Blast by Vehumet.
  3732 | D:4      | Reached skill level 1 in Air Magic
  3861 | D:4      | Reached skill level 4 in Short Blades
  3976 | D:4      | Found a shimmering altar of Xom.
  4013 | D:4      | Found a snail-covered altar of Cheibriados.
  4013 | D:4      | Found a burning altar of Makhleb.
  4014 | D:4      | Found a glowing golden altar of the Shining One.
  4444 | D:4      | Reached *** piety under Vehumet
  4646 | D:5      | Entered Level 5 of the Dungeon
  4696 | D:5      | Reached skill level 5 in Short Blades
  4821 | D:5      | Reached XP level 8. HP: 45/67 MP: 11/11
  4821 | D:5      | Noticed a hippogriff
  4836 | D:5      | Killed a hippogriff
  4836 | D:5      | Offered knowledge of Mephitic Cloud by Vehumet.
  4837 | D:5      | Reached skill level 6 in Short Blades
  5309 | D:5      | Found a sand-covered staircase.
  5315 | Ossuary  | Entered an ossuary
  5498 | Ossuary  | Reached skill level 7 in Short Blades
  5631 | Ossuary  | Reached **** piety under Vehumet
  6469 | D:6      | Found a shattered altar of Ashenzari.
  6643 | D:6      | Offered knowledge of Stone Arrow by Vehumet.
  6644 | D:6      | Reached skill level 8 in Short Blades
  6708 | D:6      | Found Fyeskun's Assorted Antiques.
  6733 | D:6      | Bought a fuming grey potion for 27 gold pieces
  6733 | D:6      | Bought a fuming grey potion for 27 gold pieces
  7303 | D:6      | Reached skill level 9 in Short Blades
  7355 | D:6      | Found a staircase to the Ecumenical Temple.
  7416 | Temple   | Entered the Ecumenical Temple
  7511 | D:7      | Found a staircase to the Lair.
  7528 | D:6      | Reached skill level 5 in Fighting
  7528 | D:6      | Reached XP level 9. HP: 35/74 MP: 12/12
  7666 | D:7      | Reached skill level 1 in Evocations
  7690 | D:7      | Noticed a troll
  8290 | D:7      | Noticed a cyclops
  8425 | D:7      | Found a hide-covered altar of Uskayaw.
  8456 | Lair:1   | Entered Level 1 of the Lair of Beasts
  8456 | Lair:1   | Noticed Sonja
  8472 | Lair:1   | Noticed a seven-headed hydra
  8479 | D:7      | HP: 4/81 [poisoned by Sonja]
  8481 | D:7      | HP: 1/81 [poisoned by Sonja]
  8482 | D:7      | Mangled by a crocodile

Skill      XL: |  1  2  3  4  5  6  7  8  9 |
---------------+----------------------------+-----
Dodging        | 3 |  3.0
Fighting       | 4 5 8 |  8.1
Throwing       | 1 2 |  2.0
Conjurations   | 2 |  2.0
Long Blades    | 4 5 |  5.5
Short Blades   | 3 5 9 |  9.3
Air Magic      | 4 |  4.0
Evocations     | 4 |  4.7
Spellcasting   | |  2.0

Action                   |  1- 3 |  4- 6 |  7- 9 || total
-------------------------+-------+-------+-------++-------
Melee: Long sword        |   123 |    94 |       ||   217
       Tailslap          |     9 |    11 |    41 ||    61
       Short sword       |       |    34 |   356 ||   390
Throw: Tomahawk          |       |    42 |    30 ||    72
 Cast: Flame Tongue      |    19 |    19 |       ||    38
       Shock             |       |    17 |    15 ||    32
 Abil: Breathe Lightning |       |       |    11 ||    11
Evoke: Wand              |       |       |     4 ||     4
  Use: Scroll            |     4 |     3 |    10 ||    17
       Potion            |       |     4 |    10 ||    14
 Stab: Sleeping          |     1 |       |     1 ||     2
       Paralysed         |       |       |     1 ||     1
  Eat: Chunk             |     7 |    10 |    21 ||    38
       Ration            |       |       |     2 ||     2
Armor: Skin              |    46 |    47 |   105 ||   198
Dodge: Dodged            |    80 |    81 |   216 ||   377
Block: Other             |       |     1 |       ||     1
